 Dungeon Crawl Stone Soup version 0.17.0-28-g6e173f8 (webtiles) character file.

274083 Mazeltov the Hoplite (level 19, -24/168 HPs)
             Began as a Minotaur Fighter on Nov 26, 2015.
             Was the Champion of Qazlal.
             Killed from afar by a lich (34 damage)
             ... with a bolt of fire
             ... on level 2 of the Depths.
             The game lasted 02:29:11 (33672 turns).

Mazeltov the Hoplite (Minotaur Fighter)            Turns: 33672, Time: 02:29:12

Health: -24/168    AC: 39    Str: 28    XL:     19   Next: 52%
Magic:  18/18      EV: 13    Int:  5    God:    Qazlal [******]
Gold:   2470       SH: 34    Dex: 17    Spells: 0 memorised, 18 levels left

rFire  . . .     SeeInvis .     H - +9 spear (vamp)
rCold  + . .     Clarity  .     L - +6 plate armour {rPois}
rNeg   . . .     SustAt   +     i - +0 large shield {AC+3}
rPois  +         Gourm    .     (helmet restricted)
rElec  .         Spirit   .     q - +2 cloak {rC+}
rCorr  +         Warding  .     J - +2 pair of gloves
rMut   .         Stasis   .     a - +2 pair of boots {Stlth+}
MR     +++..                    U - amulet of resist corrosion
Stlth  ..........               Q - ring "Wareibus" {SustAt MR++ Slay+3}
                                p - +6 ring of strength

@: protected from physical damage, repel missiles, extremely resistant to
hostile enchantments, extremely unstealthy
A: retaliatory headbutt, horns 2
a: Upheaval, Elemental Force, Disaster Area, Renounce Religion
}: 2/15 runes: decaying, gossamer


You were on level 2 of the Depths.
You worshipped Qazlal.
Qazlal was exalted by your worship.
You were not hungry.

You visited 7 branches of the dungeon, and saw 38 of its levels.
You also visited: Ice Cave.

You collected 3561 gold pieces.
You spent 1091 gold pieces at shops.

Inventory:

Hand Weapons
 H - a +9 vampiric spear (weapon)
Armour
 a - a +2 pair of boots of stealth (worn)
 i - a +0 large shield of protection (worn)
 q - a +2 cloak of cold resistance (worn)
 J - a +2 pair of gloves (worn)
 L - a +6 plate armour of poison resistance (worn)
Jewellery
 p - a +6 ring of strength (left hand)
 v - an uncursed ring of protection from fire
 z - an uncursed ring of magical power
 D - an uncursed ring of protection from magic
 Q - the ring "Wareibus" (right hand) {SustAt MR++ Slay+3}
   (You found it on level 8 of the Dungeon)

   [ring of sustain attributes]

   It sustains your strength, intelligence and dexterity.
   It affects your accuracy and damage with ranged weapons and melee attacks
   (+3).
   It affects your resistance to hostile enchantments.
 U - an amulet of resist corrosion (around neck)
Wands
 b - a wand of disintegration (17)
 c - a wand of paralysis (18)
 j - a wand of frost (19)
 m - a wand of paralysis (10)
 n - a wand of paralysis (11)
 o - a wand of digging (5)
 y - a wand of lightning (0)
 A - a wand of fire (10)
 B - a wand of digging (2)
 E - a wand of fire (7)
 F - a wand of enslavement (15)
 I - a wand of polymorph (6)
 K - a wand of hasting (6)
 O - a wand of flame (36)
 P - a wand of heal wounds (0)
 S - a wand of lightning (9)
 V - a wand of lightning (6)
 X - a wand of disintegration (11)
 Z - a wand of frost (30)
Scrolls
 h - 10 scrolls of teleportation
 k - 11 scrolls of remove curse
 r - 4 scrolls of fear
 M - a scroll of magic mapping
 N - 2 scrolls of holy word
 Y - 2 scrolls of blinking
Potions
 d - a potion of might
 f - 2 potions of haste
 l - 4 potions of curing
 u - 3 potions of resistance
 C - 2 potions of brilliance
 G - 2 potions of berserk rage
 R - 4 potions of agility
 W - a potion of invisibility
Miscellaneous
 w - a phantom mirror
Comestibles
 e - 5 bread rations
 g - 6 meat rations
 s - 3 beef jerkies
 t - 13 fruits
 T - 23 royal jellies


   Skills:
 + Level 14.6 Fighting
   Level 2.9 Long Blades
   Level 3.4(15.7) Axes
 + Level 22.5(22.6) Polearms
 + Level 1.8 Throwing
 + Level 14.4 Armour
 + Level 9.6 Dodging
 - Level 4.0 Stealth
 + Level 22.8 Shields
 + Level 1.0 Evocations


You had 18 spell levels left.
You didn't know any spells.

Dungeon Overview and Level Annotations

Branches:
Dungeon (15/15)            Temple (1/1) D:6            Lair (8/8) D:9
  Swamp (4/4) Lair:5       Spider (4/4) Lair:5        Slime (0/6) Lair:7
    Orc (4/4) D:11            Elf (0/3) Orc:4        Vaults (0/5) D:13
 Depths (2/5) D:15

Altars:
Ashenzari
Cheibriados
Dithmenos
Elyvilon
Fedhas
Gozag
Kikubaaqudgha
Makhleb
Nemelex Xobeh
Okawaru
Qazlal
Ru
Sif Muna
Trog
Vehumet
Xom
Yredelemnul
Zin
The Shining One
Jiyva

Shops:
D:5 !*(*   D:6 (   D:12 }   Orc:4 ([*:

Portals:
Hell: Depths:1
Trove: D:12 (give +5 demon trident)

Annotations:
Depths:2 Aizul


Innate Abilities, Weirdness & Mutations

You reflexively headbutt those who attack you in melee.
You have a pair of horns on your head.


Message History

You block the lich's attack.
An ogre comes into view.
Things that are here:
an uncursed shortbow; 9 arrows of dispersal You hear a shout! x2
You hear two shouts!
The ogre changes into a mottled dragon!
The lich touches you!
* * * LOW HITPOINT WARNING * * *
The spriggan berserker prays to Trog.
The polar bear goes berserk!
Items here: ( ) : † an uncursed shortbow; 5 arrows; a metal-bound book; a centaur corpse 2 yaktaurs come into view.
You feel sick.
You are no longer poisoned.
The yaktaur shouts! x2
You hear a shout!
The lich gestures at you while chanting.
The bolt of fire hits you!
You die...

..##.........#
.......(.....#
c.......(....#
......c.c(...#
.$......Q.((.#
........cc.(c####
......c.cc..(c(.#
###############(##
########h@#####
#ccS.C()§.....#
#)######Li§...#
#(# ##.u.##D.# #S#
##...## ..#
#c###...## .#
#c##.(.## #
#.#...## #....##


You could see a juggernaut, Aizul, a lich, a red ugly thing, a spriggan
berserker, a polar bear (berserk), 2 yaktaurs, a mottled dragon shaped shifter
and a centaur.

Vanquished Creatures
  Norris (Depths:1)
  A caustic shrike (Depths:2)
  Nikola (Spider:3)
  Arachne (Spider:2)
  3 tentacled monstrosities
  Rupert (Lair:6)
  2 thorn hunters (Swamp:4)
  3 ghost moths (Spider:4)
  2 frost giants
  7 emperor scorpions
  An orc warlord (Orc:4)
  3 very ugly things
  5 stone giants
  Nessos (Lair:7)
  2 ettins
  Erolcha (Orc:2)
  5 vault guards
  Josephine (Orc:2)
  A deep elf high priest (Depths:2)
  5 ghost crabs
  2 great orbs of eyes
  6 entropy weavers
  A rakshasa (Depths:1)
  The ghost of Beldrama the Bludgeoner, a journeyman GrFi of Okawaru (Lair:4)
  Erica (Lair:1)
  A vampire mage (Depths:1)
  25 hydras
  8 centaur warriors
  3 catoblepae (Lair:8)
  8 alligators
  2 tengu warriors
  2 ogre magi
  19 death yaks
  A deep troll earth mage (Depths:1)
  4 orc high priests (Orc:4)
  Nergalle (Lair:1)
  5 deep trolls
  4 ice devils (IceCv)
  4 spriggan druids
  3 unseen horrors
  A wizard (Depths:1)
  4 shambling mangroves
  15 swamp dragons
  4 orc knights
  18 orb spiders
  10 hornets
  13 hill giants
  A manticore (D:13)
  An anubis guard (shapeshifter) (D:15)
  27 wolf spiders
  28 ugly things
  4 griffons
  A moth of wrath (Spider:1)
  3 orc sorcerers (Orc:4)
  A necromancer (Swamp:3)
  5 oklob plants (Lair:5)
  3 cyclopes
  9 elephants
  A vault sentinel (D:13)
  An eye of devastation (shapeshifter) (D:13)
  2 ice statues (IceCv)
  3 torpor snails
  18 spiny frogs
  2 black mambas
  5 yaktaurs
  5 komodo dragons
  A gargoyle (D:13)
  3 fire drakes
  A kobold demonologist (D:13)
  A queen bee (D:15)
  An efreet (D:15)
  A hydra zombie (Swamp:3)
  8 demonic crawlers
  3 two-headed ogres
  7 blue devils (IceCv)
  2 polar bears
  7 trolls
  6 slime creatures
  25 jumping spiders
  5 giant leeches
  2 trapdoor spider zombies
  An alligator zombie (Swamp:3)
  10 bog bodies
  9 trapdoor spiders
  30 blink frogs
  30 redbacks
  22 tarantellas
  57 yaks
  10 spriggans
  A water elemental (Depths:1)
  A snapping turtle (shapeshifter) (Depths:1)
  6 wraiths
  4 hungry ghosts (D:11)
  2 fire elementals
  A human (shapeshifter) (D:15)
  4 shadows
  3 deep elf magi
  A basilisk (shapeshifter) (D:14)
  A hill giant zombie (D:11)
  20 vampire mosquitoes
  6 basilisks
  2 wargs (Orc:4)
  6 hippogriffs
  6 insubstantial wisps (Swamp:3)
  2 soldier ants (D:12)
  3 wolves (Lair:7)
  4 mottled dragons
  A mottled dragon (shapeshifter) (D:13)
  11 porcupines
  17 swamp worms
  12 water moccasins
  A sky beast (D:13)
  36 orc warriors
  15 ogres
  16 wasps
  13 ice beasts
  10 swamp drakes
  23 spiders
  2 black bears
  2 eyes of draining
  An ice beast (shapeshifter) (Depths:1)
  2 boggarts
  19 crocodiles
  4 phantoms
  2 necrophages
  14 centaurs
  2 brain worms
  2 big kobolds (D:7)
  23 giant frogs
  A wyvern zombie (D:15)
  A gnoll sergeant (D:5)
  3 water moccasin zombies
  7 scorpions
  14 wights
  A troll zombie (D:11)
  44 killer bees
  4 centaur zombies
  3 electric eels
  14 hounds
  2 quasits
  2 giant frog zombies
  Crazy Yiuf (D:4)
  2 giant frog skeletons
  29 orc priests
  6 crimson imps
  8 iguanas
  2 jellies
  8 centaur skeletons
  7 hell rats (Lair:8)
  13 worker ants
  41 orc wizards
  21 sheep
  A crocodile zombie (Swamp:3)
  2 hound zombies
  4 ogre zombies (D:11)
  A hound skeleton (D:5)
  Robin (D:3)
  8 adders
  3 gnolls (D:5)
  39 river rats
  5 shadow imps
  6 white imps (IceCv)
  5 ufetubi (IceCv)
  3 oozes
  3 worms
  4 giant geckos (D:3)
  171 orcs
  A ball python (D:5)
  4 bats
  2 bat zombies (D:6)
  11 giant cockroaches
  13 goblins
  13 hobgoblins
  11 jackals
  19 kobolds
  3 quokkas
  A giant gecko zombie (D:5)
  12 giant newts
  A goblin skeleton (D:11)
  2 goblin zombies (D:11)
  3 hobgoblin skeletons (D:11)
  2 hobgoblin zombies (D:11)
  A jackal zombie (D:5)
  An orc skeleton (D:11)
  10 orc zombies (D:11)
  10 rats
  A rat zombie (D:6)
  A spectral orc (D:5)
  3 butterflies (Lair:7)
  71 fungi
  101 plants
1663 creatures vanquished.

Vanquished Creatures (others)
  An emperor scorpion (Spider:4)
  A hydra (Swamp:2)
  2 orb spiders (Spider:3)
  An ugly thing (D:15)
  A blink frog (Swamp:4)
  A trapdoor spider (Spider:4)
  2 swamp drakes
  A wasp (Swamp:4)
  3 boggarts (Depths:1)
  2 orc wizards
  3 white imps (IceCv)
  3 ufetubi (IceCv)
  2 orcs (Orc:2)
  16 fungi
  8 plants
47 creatures vanquished.

Grand Total: 1710 creatures vanquished

Notes
Turn   | Place    | Note
--------------------------------------------------------------
     0 | D:1      | Mazeltov the Minotaur Fighter began the quest for the Orb.
     0 | D:1      | Reached XP level 1. HP: 19/19 MP: 0/0
    49 | D:1      | Reached XP level 2. HP: 27/27 MP: 1/1
   124 | D:1      | Reached skill level 4 in Armour
   449 | D:2      | Reached XP level 3. HP: 30/33 MP: 2/2
   794 | D:2      | Found a burning altar of Makhleb.
   989 | D:2      | Reached XP level 4. HP: 40/40 MP: 3/3
  1111 | D:3      | Reached skill level 1 in Dodging
  1308 | D:3      | Reached skill level 5 in Shields
  1308 | D:3      | Reached XP level 5. HP: 42/46 MP: 4/4
  1538 | D:3      | You fall through a shaft!
  1606 | D:4      | Found a white marble altar of Elyvilon.
  1687 | D:4      | Noticed a phantom
  1705 | D:4      | Killed a phantom
  1705 | D:4      | Reached skill level 1 in Long Blades
  1705 | D:4      | Reached skill level 5 in Armour
  1705 | D:4      | Reached XP level 6. HP: 47/53 MP: 5/5
  2056 | D:4      | Noticed an ogre
  2061 | D:4      | Killed an ogre
  2061 | D:4      | Reached skill level 5 in Fighting
  2142 | D:4      | Reached XP level 7. HP: 53/61 MP: 6/6
  2170 | D:4      | Found a blossoming altar of Fedhas.
  2217 | D:4      | Found a glowing silver altar of Zin.
  2308 | D:4      | Found a shimmering altar of Xom.
  2313 | D:4      | Found a shadowy altar of Dithmenos.
  2396 | D:4      | Noticed Crazy Yiuf
  2401 | D:4      | Killed Crazy Yiuf
  2499 | D:4      | Reached skill level 6 in Shields
  2880 | D:3      | Noticed Robin
  2903 | D:3      | Killed Robin
  3158 | D:5      | Entered Level 5 of the Dungeon
  3405 | D:5      | Found Hawny's General Store.
  3452 | D:5      | Found Wynubehube's Antique Weapon Shop.
  3484 | D:5      | Found Egryin's Assorted Antiques.
  3493 | D:5      | Bought a scroll of identify for 58 gold pieces
  3529 | D:5      | Reached skill level 1 in Polearms
  3698 | D:5      | Reached XP level 8. HP: 68/70 MP: 7/7
  3793 | D:5      | Reached skill level 7 in Shields
  3903 | D:5      | Found a basalt altar of Yredelemnul.
  4299 | D:5      | Found Gyjyivy's Distillery.
  4306 | D:5      | Bought a potion of resistance for 150 gold pieces
  4306 | D:5      | Bought a potion of curing for 45 gold pieces
  4562 | D:6      | Found a staircase to the Ecumenical Temple.
  4565 | D:6      | Found Doycsif's Weapon Shop.
  4616 | D:6      | Found a stormy altar of Qazlal.
  4623 | D:6      | Became a worshipper of Qazlal Stormbringer
  4854 | Temple   | Entered the Ecumenical Temple
  5081 | D:6      | Reached skill level 5 in Polearms
  5175 | D:6      | Reached XP level 9. HP: 72/78 MP: 8/8
  5233 | D:6      | Reached skill level 8 in Shields
  5280 | D:6      | Found an ancient bone altar of Kikubaaqudgha.
  5429 | D:7      | Reached * piety under Qazlal
  5438 | D:7      | Reached skill level 5 in Dodging
  5582 | D:7      | You fall through a shaft for 2 floors!
  5611 | D:9      | Reached skill level 1 in Stealth
  5611 | D:9      | Reached skill level 9 in Shields
  5690 | D:7      | Found a sacrificial altar of Ru.
  6241 | D:7      | Found an iron altar of Okawaru.
  6580 | D:8      | Reached ** piety under Qazlal
  6639 | D:8      | Reached XP level 10. HP: 81/85 MP: 9/9
  6777 | D:8      | Got a twitching turquoise ring
  6780 | D:8      | Identified the ring "Wareibus" {SustAt MR++ Slay+3} (You found it on level 8 of the Dungeon)
  7103 | D:9      | Reached skill level 10 in Shields
  7124 | D:9      | Found a staircase to the Lair.
  7648 | D:9      | Reached *** piety under Qazlal
  7906 | D:10     | Entered Level 10 of the Dungeon
  7967 | D:10     | Reached skill level 10 in Polearms
  8382 | D:10     | Noticed a hill giant
  8393 | D:10     | Killed a hill giant
  8455 | D:10     | Reached skill level 11 in Shields
  8470 | D:10     | Reached XP level 11. HP: 92/94 MP: 10/10
  8490 | D:10     | Noticed a hill giant
  8504 | D:10     | Killed a hill giant
  8742 | D:11     | Noticed a hill giant
  8755 | D:11     | Killed a hill giant
  8760 | D:11     | Found a glowing silver altar of Zin.
  8818 | D:11     | Reached **** piety under Qazlal
  9074 | D:11     | Reached skill level 12 in Polearms
  9124 | D:11     | Found a staircase to the Orcish Mines.
  9286 | D:11     | Reached ***** piety under Qazlal
  9712 | D:12     | Noticed a hill giant
  9720 | D:12     | Killed a hill giant
  9729 | D:12     | Noticed a hill giant
  9739 | D:12     | Killed a hill giant
  9739 | D:12     | Reached skill level 13 in Polearms
  9839 | D:12     | Noticed a hill giant
  9855 | D:12     | Killed a hill giant
  9876 | D:12     | Noticed a vault guard
  9896 | D:12     | Killed a vault guard
  9901 | D:12     | Reached XP level 12. HP: 104/104 MP: 11/11
  9928 | D:12     | Identified a scroll of acquirement
 10049 | D:12     | Found Midgh's Gadget Shop.
 10167 | D:12     | Found a portal to a secret trove of treasure.
 10486 | D:13     | Reached skill level 14 in Polearms
 10515 | D:13     | Noticed a centaur warrior
 10549 | D:13     | Reached skill level 1 in Throwing
 10577 | D:13     | Killed a centaur warrior
 10588 | D:13     | Noticed a great orb of eyes
 10600 | D:13     | Killed a great orb of eyes
 10608 | D:13     | Noticed a five-headed hydra
 10627 | D:13     | Reached skill level 10 in Fighting
 10635 | D:13     | Killed a five-headed hydra
 10694 | D:13     | Reached skill level 15 in Polearms
 10829 | D:13     | Identified the Compendium of Talismans and Unholy Rites
 10869 | D:13     | Noticed a centaur warrior
 10877 | D:13     | Noticed a vault guard
 10889 | D:13     | Killed a centaur warrior
 10901 | D:13     | Noticed a vault guard
 10904 | D:13     | Noticed a vault guard
 10907 | D:13     | Killed a vault guard
 10907 | D:13     | Reached XP level 13. HP: 89/114 MP: 5/12
 10912 | D:13     | Noticed a vault guard
 10939 | D:13     | Killed a vault guard
 10968 | D:13     | Killed a vault guard
 10968 | D:13     | Reached skill level 16 in Polearms
 11001 | D:13     | Killed a vault guard
 11133 | D:13     | Found a gate to the Vaults.
 11882 | D:14     | Reached ****** piety under Qazlal
 12355 | D:15     | Entered Level 15 of the Dungeon
 12386 | D:15     | Reached skill level 10 in Armour
 12463 | D:15     | Reached skill level 17 in Polearms
 12678 | D:15     | Reached XP level 14. HP: 124/124 MP: 13/13
 12977 | D:15     | Noticed a frost giant
 12996 | D:15     | Killed a frost giant
 12996 | D:15     | Reached skill level 15 in Shields
 13000 | D:15     | Found a staircase to the Depths.
 13363 | Lair:1   | Entered Level 1 of the Lair of Beasts
 13363 | Lair:1   | Noticed Nergalle
 13387 | Lair:1   | Killed Nergalle
 13396 | Lair:1   | Noticed Erica
 13408 | Lair:1   | Killed Erica
 13408 | Lair:1   | Reached skill level 18 in Polearms
 13643 | Lair:1   | Found a frozen archway.
 13678 | IceCv    | Entered an ice cave
 13846 | IceCv    | Reached XP level 15. HP: 92/130 MP: 14/14
 14092 | IceCv    | Got an ebony trident
 14093 | IceCv    | Identified the +7 trident of Suicidal Tendencies {antimagic, *Confuse Int+2 Dex+2 SInv} (You found it in an ice cave)
 14844 | Lair:2   | Gained mutation: You are resistant to hostile enchantments. [potion of mutation]
 14844 | Lair:2   | Gained mutation: You have a pair of large horns on your head. [potion of mutation]
 14844 | Lair:2   | Lost mutation: You have a pair of large horns on your head. [potion of mutation]
 15341 | Lair:3   | Reached skill level 19 in Polearms
 16135 | Lair:4   | Noticed Beldrama's ghost (journeyman GrFi)
 16171 | Lair:4   | Killed Beldrama's ghost
 16985 | Lair:5   | Reached skill level 1 in Evocations
 17184 | Lair:5   | Found a hole to the Spider Nest.
 17385 | Lair:5   | Reached XP level 16. HP: 139/139 MP: 15/15
 17691 | Lair:5   | Found a staircase to the Swamp.
 18291 | Lair:6   | Noticed Rupert
 18311 | Lair:6   | Killed Rupert
 19122 | Lair:7   | Found a staircase to the Slime Pits.
 19123 | Lair:7   | Found a viscous altar of Jiyva.
 19210 | Lair:7   | Noticed Nessos
 19214 | Lair:7   | Reached skill level 20 in Polearms
 19255 | Lair:7   | Killed Nessos
 19526 | Lair:7   | Got a pair of bloodstained gloves
 19548 | Lair:7   | Identified the +2 pair of gloves "Qapsipla" {+Blink rF+ Str-5} (You found it on level 7 of the Lair of Beasts)
 20087 | Lair:8   | Entered Level 8 of the Lair of Beasts
 21501 | Spider:1 | Entered Level 1 of the Spider Nest
 22547 | Spider:2 | Reached XP level 17. HP: 150/150 MP: 16/16
 23148 | Spider:2 | Noticed Arachne
 23174 | Spider:2 | Killed Arachne
 23180 | Spider:2 | Lost mutation: You are resistant to hostile enchantments. [potion of cure mutation]
 23820 | Orc:1    | Entered Level 1 of the Orcish Mines
 24013 | Orc:2    | Noticed Erolcha
 24015 | Orc:2    | Noticed Josephine
 24037 | Orc:2    | Killed Josephine
 24042 | Orc:2    | Killed Erolcha
 24235 | Orc:3    | Found a bloodstained altar of Trog.
 24781 | Orc:4    | Entered Level 4 of the Orcish Mines
 24913 | Orc:4    | Reached skill level 21 in Polearms
 25203 | Orc:4    | Found Ufoofamp's Antique Armour Shoppe.
 25204 | Orc:4    | Found Ynotaop's Antique Weapon Shoppe.
 25205 | Orc:4    | Found Zaphifev's General Store.
 25205 | Orc:4    | Found Voschuppe's Book Emporium.
 25231 | Orc:4    | Bought a potion of curing for 45 gold pieces
 25231 | Orc:4    | Bought the +4 robe of Augmentation {Str+4 Int+4 Dex+4} for 793 gold pieces
 25393 | Orc:4    | Found a staircase to the Elven Halls.
 25880 | Depths:1 | Entered Level 1 of the Depths
 26394 | Swamp:1  | Entered Level 1 of the Swamp
 27190 | Swamp:2  | Noticed a tentacled monstrosity
 27218 | Swamp:1  | Killed a tentacled monstrosity
 28379 | Swamp:2  | Reached XP level 18. HP: 159/159 MP: 17/17
 29559 | Swamp:4  | Entered Level 4 of the Swamp
 29791 | Swamp:4  | Reached skill level 22 in Polearms
 29866 | Swamp:4  | Got a decaying rune of Zot
 30508 | Spider:3 | Noticed Nikola
 30629 | Spider:3 | HP: 1/160 [Nikola/chain lightning (24)]
 30642 | Spider:3 | Killed Nikola
 31286 | Spider:4 | Entered Level 4 of the Spider Nest
 31604 | Spider:4 | Reached XP level 19. HP: 148/168 MP: 15/18
 32075 | Spider:4 | Got a gossamer rune of Zot
 32663 | Depths:1 | Noticed Norris
 32871 | Depths:1 | Killed Norris
 32892 | Depths:1 | Found a gateway to Hell.
 33110 | Depths:1 | Found a snail-covered altar of Cheibriados.
 33530 | Depths:2 | Noticed a caustic shrike
 33532 | Depths:2 | Noticed a juggernaut
 33582 | Depths:2 | Killed a caustic shrike
 33615 | Depths:2 | Noticed Aizul
 33672 | Depths:2 | Killed from afar by a lich

Action                   |  1- 3 |  4- 6 |  7- 9 | 10-12 | 13-15 | 16-18 | 19-21 || total
-------------------------+-------+-------+-------+-------+-------+-------+-------++-------
Melee: War axe           |    98 |    83 |   112 |       |       |       |       ||   293
       Long sword        |       |     5 |       |       |       |       |       ||     5
       Spear             |       |       |   411 |   897 |  1374 |  2929 |   387 ||  5998
Throw: Tomahawk          |       |       |       |     6 |     4 |       |       ||    10
Invok: Upheaval          |       |       |       |       |       |     1 |       ||     1
Evoke: Wand              |       |       |     1 |     1 |     7 |     5 |     3 ||    17
  Use: Scroll            |       |     4 |     4 |    17 |    15 |    20 |     2 ||    62
       Potion            |       |       |       |     3 |    13 |    17 |     4 ||    37
 Stab: Invisible         |       |       |       |       |       |    33 |    10 ||    43
  Eat: Bread ration      |       |     1 |     1 |     1 |     6 |    11 |       ||    20
       Meat ration       |       |       |     3 |     3 |     1 |     2 |       ||     9
       Fruit             |       |       |       |     2 |       |       |       ||     2
       Pizza             |       |       |       |     2 |     1 |       |       ||     3
